AoeStats
← WHITE

MegaRandom

504789111Analyzed
3v3 RM · 26d ago on Sep 6, 2026· 32m 20s· 6 players
Game mode
Random Map
Map size
Normal (6 player)
Population
200
Speed
Normal
Resources
Standard
Victory
Conquest
Starting age
Dark Age
Ending age
Imperial Age
RankedLock teamsTeams togetherTeam positionsShared explorationLock speedFull tech treeHidden civsTurbo modeCheats
Victory
Defeat
🇷🇺 Cumans · Russia
877
+13
🇵🇾 Romans · Paraguay
850
+14
🇺🇸 Tatars · United States
824
+16
🇮🇳 Malians · India
873
-17
🇮🇳 Britons · India
791
-26
🇮🇳 Vikings · India
787
-18
Ilon
9:18 Loom
11:13 Feudal Age
10:02 Loom
12:15 Double-Bit Axe
21:25 Castle Age
19:39 Horse Collar
19:55 Man-at-Arms
21:25 Wheelbarrow
21:05 Town Watch
22:21 Bow Saw
22:33 Gold Mining
24:23 Gold Shaft Mining
23:31 Long Swordsman
24:14 Pikeman
26:00 Squires
25:46 Arson
26:08 Stone Mining
26:28 Capped Ram
27:51 Heavy Plow
31:02 Hand Cart
Phobos scattered my army
2:28 Loom
10:37 Feudal Age
20:26 Castle Age
23:11 Silk Armor
23:04 Gold Mining
28:37 Husbandry
30:13 Bloodlines
MPMJerry
5:49 Loom
10:37 Feudal Age
11:46 Double-Bit Axe
17:51 Castle Age
24:22 Wheelbarrow
25:16 Bow Saw
26:10 Horse Collar
29:18 Scale Barding Armor
29:33 Hand Cart
34:34 Imperial Age
32:05 Stone Mining
32:05 Gold Mining
32:15 Town Watch
Ujj013
9:06 Loom
12:00 Feudal Age
16:55 Castle Age
14:57 Double-Bit Axe
18:45 Horse Collar
19:18 Bow Saw
21:12 Heavy Plow
20:52 Man-at-Arms
21:27 Fletching
21:23 Crossbowman
26:31 Bodkin Arrow
27:33 Gold Mining
27:33 Stone Mining
27:32 Pikeman
28:26 Forging
32:38 Imperial Age
30:11 Scale Mail Armor
WHITE
11:09 Loom
13:23 Feudal Age
17:37 Castle Age
16:11 Horse Collar
16:29 Double-Bit Axe
19:05 Bow Saw
19:50 Heavy Plow
25:24 Squires
25:09 Arson
26:18 Man-at-Arms
27:34 Gold Mining
27:37 Stone Mining
27:31 Pikeman
29:43 Long Swordsman
Vansh2218
10:14 Feudal Age
11:29 Double-Bit Axe
11:26 Horse Collar
16:31 Castle Age
20:18 Bow Saw
20:57 Stone Mining
28:27 Loom
29:33 Padded Archer Armor
29:23 Fletching
30:32 Squires
29:53 Pikeman
Connection lost

Rejoining the realm…

Still unreachable

The connection could not be restored.

Session expired

The server has moved on; the page needs a fresh start.